 Dungeon Crawl Stone Soup version 0.28-a0-726-g4a9143789a (webtiles) character file.

Game seed: 4640436056050548262

4 cheechan the Charlatan (level 1, 0/18 HPs)
             Began as a Naga Artificer on Oct 27, 2021.
             Frozen to death by an endoplasm (4 damage)
             ... on level 1 of the Dungeon.
             The game lasted 00:01:12 (254 turns).

cheechan the Charlatan (Naga Artificer)              Turns: 254, Time: 00:01:12

Health: 0/18       AC:  3    Str: 14    XL:     1   Next: 70%
Magic:  1/1        EV:  9    Int: 11    God:
Gold:   19         SH:  0    Dex: 11    Spells: 0/0 levels left

rFire   . . .      SeeInvis +   f - +0 hand axe
rCold   . . .      Faith    .   (no shield)
rNeg    . . .      Spirit   .   b - +0 leather armour
rPois   +          Reflect  .   (no helmet)
rElec   .          Harm     .   j - +0 cloak
rCorr   .          Rampage  .   (no gloves)
Will    .....                   (no barding)
Stlth   +.........              (no amulet)
HPRegen 0.06/turn               i - ring of flight
MPRegen 0.07/turn               (no ring)

@: flying, very slow
A: AC +0, large, see invisible, deformed body, poison resistance, slowness 2,
spit poison 1, naga tail 1
a: Spit Poison


You were on level 1 of the Dungeon.
You visited 1 branch of the dungeon, and saw 1 of its levels.

You collected 19 gold pieces.

Inventory:

Hand Weapons
 a - a +0 club
 f - a +0 hand axe (weapon)
Missiles
 h - 4 silver boomerangs
Armour
 b - a +0 leather armour (worn)
 j - a +0 cloak (worn)
Jewellery
 i - a ring of flight (left hand)
Wands
 c - a wand of flame (13) (quivered)
 d - a wand of charming (15)
Scrolls
 k - 2 scrolls of noise
Potions
 g - a potion of lignification
 l - a potion of attraction {unknown}
Miscellaneous
 e - a piece from Xom's chessboard (15/15)


   Skills:
 + Level 1.0 Fighting
 + Level 1.5 Armour
 + Level 0.7 Dodging
 + Level 1.5 Stealth
 + Level 3.3 Evocations


You couldn't memorise any spells.
You didn't know any spells.
Your spell library was empty.

Dungeon Overview and Level Annotations

Branches:
Dungeon (1/15)

Altars:
Xom

Shops:
D:1 ?


Innate Abilities, Weirdness & Mutations

Your serpentine skin is tough. (AC +0)
You have supernaturally acute eyesight. (SInv)
Armour fits poorly on your strangely shaped body.
Your system is resistant to poisons. (rPois)
You cover ground very slowly.
You can spit poison.
You have a snake-like lower body.


Message History

The hobgoblin barely misses you.
Aiming: Throw Flame
Press: ? - help, Q - select action, (/) - cycle Shift-Dir - straight line, f - hobgoblin
Aim: a hobgoblin (lightly wounded, 71% to hit)
The puff of flame hits the hobgoblin!
You kill the hobgoblin!
Unknown command.
l - a bubbling red potion
Found a stone staircase leading down.
m - a scroll labelled POVIRI JUOKLE
As you read the scroll labelled POVIRI JUOKLE, it crumbles to dust.
You feel aware of your surroundings.
It was a scroll of magic mapping.
There is a stone staircase leading down here.
Found 7 gold pieces.
You now have 19 gold pieces (gained 7).
Found a scroll labelled YKKIEPT FOORU.
m - a scroll labelled YKKIEPT FOORU
As you read the scroll labelled YKKIEPT FOORU, it crumbles to dust.
It is a scroll of identify.
g - a potion of lignification
There is a stone staircase leading down here.
An endoplasm comes into view.
The endoplasm quivers.
The endoplasm jiggles.
The endoplasm freezes you.
You are frozen.
The endoplasm jiggles.
The endoplasm barely misses you. The endoplasm hits you.
You hit the endoplasm but do no damage. The endoplasm hits you.
You barely miss the endoplasm. The endoplasm closely misses you.
You hit the endoplasm but do no damage. The endoplasm hits you. x2
* * * LOW HITPOINT WARNING * * *
You hit the endoplasm.
The endoplasm is moderately wounded.
The endoplasm hits you.
* * * LOW HITPOINT WARNING * * *
You hit the endoplasm.
The endoplasm is almost dead.
The endoplasm freezes you.
You are frozen.
You die...

#[###.# *.## **** #.##..#
*..###*
######.##..#######....,*
###........#..........#*,*
#...∩....##.##.##.....#*,*
#.#....#.......##...####.*
#.#########.##.##........*
#.### ###J##......#####*
#...# #..@..###.### ###.#
#.....# #.# #.### #.....#
#.# #.[.# #.....# #.#
###.# #.....# #.# #.#
####### #.# #.# #.#### #.#
#######....#
##†#####....>..##.#


You could see an endoplasm.

Vanquished Creatures
  An endoplasm (D:1)
  A hobgoblin (D:1)
  2 ball pythons (D:1)
  A bat (D:1)
5 creatures vanquished.

Notes
Turn   | Place    | Note
-------+----------+-------------------------------------------
     0 | D:1      | cheechan the Naga Artificer began the quest for the Orb.
     0 | D:1      | Reached XP level 1. HP: 18/18 MP: 1/1
     2 | D:1      | Found a shimmering altar of Xom.
    85 | D:1      | Found Gogyis's Magic Scroll Emporium.
   254 | D:1      | Frozen to death by an endoplasm

Illustrated notes

Levels and vault maps discovered:
D:1:      sevenhm_arrival_forest_fort_small_6, layout_loops_cross, serial_shops,
          shop_scrolls

Action                   || total
-------------------------++-------
Melee: Hand axe          ||    17
Evoke: Wand              ||     2
  Use: Scroll            ||     3
Armor: Leather armour    ||     6
Dodge: Dodged            ||    10

Table legend: (Time is in decaauts)
 A = Elapsed time spent in this place.
 B = Non-inter-level travel time spent in this place.
 C = Inter-level travel time spent in this place.
 D = Time resting spent in this place.
 E = Time spent auto-exploring this place.
 F = Levels seen in this place.
 G = Mean time per level.
                   A        B        C        D        E       F      G
               +--------+--------+--------+--------+--------+-----+--------+
         Total |    341 |    341 |      0 |      0 |      0 |   1 |  341.0 |
       Dungeon |    341 |    341 |      0 |      0 |      0 |   1 |  341.0 |
               +--------+--------+--------+--------+--------+-----+--------+

Top non-repeatable levels by time:
     D:1: 341 daAuts
